 Dungeon Crawl Stone Soup version 0.23.2-30-g0e89c35649 (webtiles) character file.

Game seed: 16808754970205534685

408 Kobolds4U the Conjurer (level 6, -1/32 HPs)
             Began as a Deep Elf Conjurer on June 17, 2019.
             Was a Follower of Vehumet.
             Slain by a worker ant (7 damage)
             ... on level 4 of the Dungeon.
             The game lasted 00:11:01 (3936 turns).

Kobolds4U the Conjurer (Deep Elf Conjurer)          Turns: 3936, Time: 00:11:02

Health: -1/32      AC:  3    Str:  6    XL:     6   Next: 57%
Magic:  0/15       EV: 13    Int: 21    God:    Vehumet [*.....]
Gold:   148        SH:  0    Dex: 15    Spells: 4/15 levels left

rFire    . . .     SeeInvis .   a - +0 falchion
rCold    . . .     Gourm    .   (no shield)
rNeg     . . .     Faith    .   u - +0 robe
rPois    .         Spirit   .   i - +0 helmet
rElec    .         Reflect  .   (no cloak)
rCorr    .         Harm     .   (no gloves)
MR       .....                  (no boots)
Stlth    ++........             (no amulet)
HPRegen  0.10/turn              (no ring)
MPRegen  0.14/turn              (no ring)

@: very slightly contaminated
A: no striking features
a: Renounce Religion


You were on level 4 of the Dungeon.
You worshipped Vehumet.
Vehumet was aware of your devotion.
You were not hungry.

You visited 1 branch of the dungeon, and saw 4 of its levels.

You collected 148 gold pieces.

Inventory:

Hand Weapons
 a - a +0 falchion (weapon)
 b - a +0 shortbow
 w - a +0 arbalest
Missiles
 p - 14 poisoned needles
 t - 3 tomahawks (quivered)
 v - 4 silver tomahawks
Armour
 d - a +0 buckler
 i - a +0 helmet (worn)
 u - a +0 robe (worn)
Scrolls
 e - a scroll of magic mapping {unknown}
 g - a scroll of immolation {unknown}
 h - 4 scrolls of identify {unknown}
 l - a scroll of teleportation {unknown}
 m - a scroll of blinking {unknown}
 n - 2 scrolls of remove curse
 q - 2 scrolls of fog {unknown}
 x - a scroll of enchant armour {unknown}
Potions
 f - 3 potions of might {unknown}
 j - a potion of agility {unknown}
 k - a potion of mutation {unknown}
 o - a potion of haste {unknown}
 r - 2 potions of heal wounds {unknown}
 s - a potion of cancellation {unknown}
Comestibles
 c - 8 rations
 z - 11 chunks of flesh


   Skills:
 - Level 2.4 Dodging
 - Level 2.4 Stealth
 * Level 3.8 Shields
 - Level 5.0 Spellcasting
 - Level 6.0 Conjurations


You had 4 spell levels left.
You knew the following spells:

 Your Spells              Type           Power        Failure   Level  Hunger
a - Magic Dart            Conj           ####         1%          1    None
b - Searing Ray           Conj           ####..       1%          2    None
c - Dazzling Spray        Conj/Hex       ###...       10%         3    ##.....
d - Force Lance           Conj/Tloc      ###.....     30%         4    ####...
e - Flame Tongue          Conj/Fire      ###..        3%          1    None

Your spell library contained the following spells:

 Spells                   Type           Power        Failure   Level  Hunger
 Iskenderun's Mystic Bla  Conj           ####....     9%          4    ####...
 Fulminant Prism          Conj/Hex       ###.......   30%         4    ####...


Dungeon Overview and Level Annotations

Branches:
Dungeon (4/15)
 Temple: D:4-7

Altars:
Elyvilon
Nemelex Xobeh
Qazlal
Vehumet
Wu Jian


Message History

Vehumet accepts your kill.
The searing ray hits the worker ant!
You kill the worker ant!
Vehumet accepts your kill.
You finish channeling your searing ray.
The worker ant closely misses you.
You riposte.
You barely miss the worker ant.
The worker ant is moderately wounded.
Casting: Searing Ray (safe; 1% risk of failure)
Confirm with . or Enter, or press ? or * to list all spells.
Aiming: Searing Ray (safe; 1% risk of failure)
Press: ? - help, Shift-Dir - straight line, f - worker ant
Aim: a worker ant (moderately wounded)
The searing ray hits the worker ant!
The worker ant is almost dead. (Press . to maintain the ray.)
The worker ant bites you.
* * * LOW HITPOINT WARNING * * *
The phantom blinks!
The searing ray misses the worker ant.
The worker ant bites you!
You die...

#.# #.# #.# ####.## #.....#
##########.###.########
#..........# #.........
###########.######§#.###.###..###
.÷.#.))..#......@................
##.#.).#.#..#..a##.....######+###
#..#.#÷#.†..#.#.....##.#...#...#?
.....#.#..#)..#..##....'...'...$)
.....#....#............#...#...#$
############################ ###


You could see a worker ant.

Vanquished Creatures
  A hound (D:4)
  A centaur zombie (D:4)
  Jessica (D:2)
  An orc wizard (D:3)
  Natasha (D:2)
  5 worker ants
  8 adders
  A worm (D:3)
  2 dart slugs
  2 leopard geckos
  11 orcs
  2 bats
  5 giant cockroaches
  3 goblins (D:3)
  8 hobgoblins
  3 jackals (D:3)
  3 quokkas
  5 frilled lizards
  8 kobolds
  4 rats
75 creatures vanquished.

Notes
Turn   | Place    | Note
-------+----------+-------------------------------------------
     0 | D:1      | Kobolds4U the Deep Elf Conjurer began the quest for the
                  | Orb.
     0 | D:1      | Reached XP level 1. HP: 10/10 MP: 6/6
   426 | D:1      | Reached XP level 2. HP: 15/15 MP: 6/8
   430 | D:1      | Learned a level 2 spell: Searing Ray
  1126 | D:2      | Reached skill level 1 in Shields
  1346 | D:2      | Noticed Natasha
  1377 | D:2      | Noticed Jessica
  1380 | D:2      | Killed Jessica
  1380 | D:2      | Reached XP level 3. HP: 12/19 MP: 7/10
  1517 | D:2      | Reached XP level 4. HP: 22/24 MP: 3/12
  1522 | D:2      | Learned a level 3 spell: Dazzling Spray
  1527 | D:2      | Learned a level 4 spell: Force Lance
  1841 | D:2      | Found a stormy altar of Qazlal.
  1894 | D:2      | Killed Natasha
  1894 | D:2      | Reached skill level 5 in Conjurations
  1967 | D:2      | Found a radiant altar of Vehumet.
  1967 | D:2      | Found a sparkling altar of Nemelex Xobeh.
  1968 | D:2      | Found a white marble altar of Elyvilon.
  1974 | D:2      | Became a worshipper of Vehumet
  2071 | D:3      | Found an ornate altar of the Wu Jian Council.
  2162 | D:3      | Reached skill level 5 in Spellcasting
  2165 | D:3      | Reached XP level 5. HP: 28/28 MP: 6/14
  2984 | D:3      | Reached * piety under Vehumet
  2984 | D:3      | Offered knowledge of Flame Tongue by Vehumet.
  2987 | D:3      | Learned a level 1 spell: Flame Tongue
  3579 | D:4      | Reached XP level 6. HP: 20/32 MP: 7/15
  3703 | D:4      | Reached skill level 6 in Conjurations
  3936 | D:4      | Slain by a worker ant

Skill      XL: |  1  2  3  4  5  6 |
---------------+-------------------+-----
Shields        | 1 2 3 |  3.8
Spellcasting   | 4 5 |  5.0
Conjurations   | 5 6 |  6.0
Dodging        | |  2.4
Stealth        | |  2.4

Action                   |  1- 3 |  4- 6 || total
-------------------------+-------+-------++-------
Melee: Unarmed           |     7 |       ||     7
       Dagger            |       |    17 ||    17
       Falchion          |       |    35 ||    35
 Cast: Magic Dart        |    31 |    83 ||   114
       Searing Ray       |     4 |    15 ||    19
       Dazzling Spray    |       |     1 ||     1
  Use: Scroll            |       |     1 ||     1
 Stab: Sleeping          |     3 |     1 ||     4
       Invisible         |       |     1 ||     1
  Eat: Chunk             |     2 |     7 ||     9
Armor: Robe              |     8 |    12 ||    20
Dodge: Dodged            |    17 |    66 ||    83
Block: Buckler           |     3 |       ||     3
       Rpst.: Falchion   |       |     9 ||     9
